 Dungeon Crawl Stone Soup version 0.21-a0-361-g4efd3f9 (webtiles) character file.

18 tidbits the Charmwright (level 2, -2/26 HPs)
             Began as a Gnoll Skald on Oct 13, 2017.
             Slain by a centaur (7 damage)
             ... on level 2 of the Dungeon.
             The game lasted 00:02:00 (344 turns).

tidbits the Charmwright (Gnoll Skald)                Turns: 344, Time: 00:02:01

Health: -2/26      AC:  3    Str: 13    XL:     2   Next: 70%
Magic:  2/7        EV: 14    Int: 15    God:
Gold:   75         SH:  0    Dex: 14    Spells: 5/10 levels left

rFire    . . .     SeeInvis .   a - +0 hand axe
rCold    . . .     Gourm    .   (no shield)
rNeg     . . .     Faith    .   b - +0 leather armour
rPois    .         Spirit   .   (no helmet)
rElec    .         Reflect  .   (no cloak)
rCorr    .         Harm     .   (no gloves)
MR       .....                  (no boots)
Stlth    ..........             (no amulet)
HPRegen  0.08/turn              m - ring of loudness (curse)
MPRegen  0.10/turn              (no ring)

@: infused
A: distributed training, fangs 1, strong nose
a: no special abilities


You were on level 2 of the Dungeon.
You were not hungry.

You visited 1 branch of the dungeon, and saw 2 of its levels.

You collected 75 gold pieces.

Inventory:

Hand Weapons
 a - a +0 hand axe (weapon)
Missiles
 e - 45 stones (quivered)
 k - 2 tomahawks
 l - 22 arrows
Armour
 b - a +0 leather armour (worn)
Jewellery
 m - a cursed ring of loudness (left hand)
   (You found it on level 1 of the Dungeon)
Scrolls
 g - a scroll of remove curse {unknown}
 h - 2 scrolls of identify {unknown}
 i - a scroll of recharging {unknown}
 j - 2 scrolls of blinking {unknown}
Books
 c - a book of Battle

   Spells                             Type                      Level
   a - Infusion                       Charms                       1
   b - Shroud of Golubria             Charms/Translocation         2
   c - Song of Slaying                Charms                       2
   d - Spectral Weapon                Hexes/Charms                 3
   e - Regeneration                   Charms/Necromancy            3
Comestibles
 d - a bread ration
 f - a meat ration


   Skills:
 + Level 4.5 Fighting
 + Level 0.5 Short Blades
 + Level 0.5 Long Blades
 + Level 4.5 Axes
 + Level 0.5 Maces & Flails
 + Level 0.5 Polearms
 + Level 0.5 Staves
 + Level 0.5 Slings
 + Level 0.5 Bows
 + Level 0.5 Crossbows
 + Level 0.5 Throwing
 + Level 2.5 Armour
 + Level 4.5 Dodging
 + Level 0.5 Stealth
 + Level 0.5 Shields
 + Level 0.5 Unarmed Combat
 + Level 4.9 Spellcasting
 + Level 0.3 Conjurations
 + Level 0.3 Hexes
 + Level 5.3 Charms
 + Level 0.3 Summonings
 + Level 0.3 Necromancy
 + Level 0.3 Translocations
 + Level 0.3 Transmutations
 + Level 0.3 Fire Magic
 + Level 0.3 Ice Magic
 + Level 0.3 Air Magic
 + Level 0.3 Earth Magic
 + Level 0.3 Poison Magic
 + Level 0.6 Invocations
 + Level 0.5 Evocations


You had 5 spell levels left.
You knew the following spells:

 Your Spells              Type           Power        Failure   Level  Hunger
g - Shroud of Golubria    Chrm/Tloc      ##........   10%         2    ##.....
i - Infusion              Chrm           ###.         2%          1    None
y - Song of Slaying       Chrm           ###.....     3%          2    ##.....


Dungeon Overview and Level Annotations

Branches:
Dungeon (2/15)

Altars:


Innate Abilities, Weirdness & Mutations

Your experience applies equally to all skills.
You have very sharp teeth.
Your uncanny sense of smell can sniff out nearby items.


Message History

You see here a scroll labeled ZABEG WIFARGHUI.
j - 2 scrolls labeled ZABEG WIFARGHUI (gained 1)
Found 8 gold pieces.
Found 13 gold pieces.
You see here 8 gold pieces.
You now have 53 gold pieces (gained 8).
The rat closely misses you.
Casting: Infusion
Confirm with . or Enter, or press ? or * to list all spells.
You begin infusing your attacks with magical energy.
The rat barely misses you.
You closely miss the rat. The rat bites you but does no damage.
You hit the kobold.
You kill the kobold!
You barely miss the rat. The rat barely misses you.
You closely miss the rat. The rat bites you but does no damage.
You hit the rat.
You kill the rat!
Things that are here:
a whip; a kobold corpse
Found a plate armour.
Your magical infusion is running out.
A bat comes into view.
The bat moves out of view.
A hobgoblin comes into view. It is wielding a club.
The hobgoblin shouts!
The bat closely misses you.
Things that are here:
13 gold pieces; a leather armour You closely miss the bat.
You bite the bat, but do no damage. The bat barely misses you.
You now have 66 gold pieces (gained 13).
The bat misses you.
Casting: Infusion
Confirm with . or Enter, or press ? or * to list all spells.
You extend your infusion's duration.
The bat misses you. The bat closely misses you.
You miss the bat. You closely miss the hobgoblin. The bat barely misses you.
The bat misses you. The hobgoblin closely misses you.
You barely miss the bat. You closely miss the hobgoblin.
The bat barely misses you. The hobgoblin hits you with a club.
You barely miss the hobgoblin. The bat closely misses you.
The hobgoblin hits you but does no damage.
You hit the hobgoblin.
The hobgoblin is almost dead.
The bat hits you but does no damage. The hobgoblin barely misses you.
You slash the hobgoblin!
You kill the hobgoblin!
You hit the bat.
You kill the bat!
Things that are here:
a club; a hobgoblin corpse
Found 9 gold pieces.
Found a small garnet ring.
m - a small garnet ring Put on which piece of jewellery? (? for menu, Esc to quit)
Oops, that ring feels deathly cold.
m - a cursed ring of loudness (left hand)
You now have 75 gold pieces (gained 9).
Your magical infusion is running out.
A kobold comes into view. It is wielding a short sword.
The kobold shouts!
You can't go down here!
Casting: Infusion
Confirm with . or Enter, or press ? or * to list all spells.
You extend your infusion's duration.
You hit the kobold.
The kobold is heavily wounded.
The kobold misses you.
You hit the kobold.
You kill the kobold!
Things that are here:
a short sword; a kobold corpse
There is a stone staircase leading down here.
You climb downwards.
There is a stone staircase leading up here.
You open the door.
A kobold and a centaur come into view.
The kobold shouts!
The centaur shouts!
The centaur wields a shortbow.
The centaur shoots an arrow.
The arrow hits you!
Found 11 gold pieces.
The kobold hits you but does no damage.
There is an open door here.
Casting: Infusion
Confirm with . or Enter, or press ? or * to list all spells.
You extend your infusion's duration.
The kobold barely misses you.
The centaur unwields an uncursed shortbow.
The centaur hits you!
* * * LOW HITPOINT WARNING * * *
You hit the centaur.
The centaur is moderately wounded.
You hit the kobold.
You kill the kobold!
The centaur hits you.
* * * LOW HITPOINT WARNING * * *
You aren't carrying any potions.
Unknown command.
You barely miss the centaur.
The centaur is moderately wounded.
The centaur misses you. The centaur hits you!
You die...

##.#####
######<#.##.##
#........#....#####
#.#####............
##.##....###
#.......# #####.###
#(# #@# #.)c#
#.....# #.......#
#....$....#
+.........+
#.........#
##.......##


You could see a centaur.

Vanquished Creatures
  2 leopard geckos (D:1)
  3 goblins (D:1)
  2 hobgoblins (D:1)
  2 bats (D:1)
  4 kobolds
  3 rats (D:1)
16 creatures vanquished.

Notes
Turn   | Place    | Note
-------+----------+-------------------------------------------
     0 | D:1      | tidbits the Gnoll Skald began the quest for the Orb.
     0 | D:1      | Reached XP level 1. HP: 20/20 MP: 6/6
   150 | D:1      | Reached XP level 2. HP: 23/26 MP: 4/7
   154 | D:1      | Learned a level 2 spell: Song of Slaying
   157 | D:1      | Learned a level 2 spell: Shroud of Golubria
   340 | D:2      | Noticed a centaur
   344 | D:2      | Slain by a centaur

Vault maps used:
D:1:      ncdulo_wetmaze
D:2:      uniq_crazy_yiuf_cottage, uniq_sigmund

Action                   || total
-------------------------++-------
Melee: Hand axe          ||    35
       Bite              ||     1
 Cast: Infusion          ||     8
Armor: Leather armour    ||     8
Dodge: Dodged            ||    35

Table legend:
 A = Spawn XP
 B = Non-spawn XP
 C = Spawn XP percentage of total XP
 D = Spawn monster count
 E = Non-spawn monster count
 F = Spawn count percentage of total count
 G = Total turns spent on level
                    A         B        C        D         E        F      G
               +---------+---------+-------+---------+---------+-------+---------
         Total |       0 |      27 |   0.0 |       0 |      16 |   0.0 |   344
               +---------+---------+-------+---------+---------+-------+---------
           D:1 |       0 |      26 |   0.0 |       0 |      15 |   0.0 |   330
           D:2 |       0 |       1 |   0.0 |       0 |       1 |   0.0 |    14
               +---------+---------+-------+---------+---------+-------+---------

Table legend:
 A = Turns spent in this place as a percentage of turns spent in the entire game.
 B = Non-inter-level travel turns spent in this place as a percentage of non-inter-level travel turns spent in the entire game.
 C = Inter-level travel turns spent in this place as a percentage of turns spent in this place.
 D = Turns resting spent in this place as a percentage of non-inter-level travel turns spent in this place.
 E = Turns spent auto-exploring this place as a percentage of non-inter-level travel turns spent in this place.
 F = Non-inter-level travel turns spent in this place divided by the number of levels of this place that you've seen.
                   A       B       C       D       E      F
               +-------+-------+-------+-------+-------+----------------------
         Total | 100.0 | 100.0 |   4.7 |   0.0 |   0.0 | 164.0
       Dungeon | 100.0 | 100.0 |   4.7 |   0.0 |   0.0 | 164.0
               +-------+-------+-------+-------+-------+----------------------

Table legend:
 A = Kills in this place as a percentage of kills in entire the game.
 B = Kills by you in this place as a percentage of kills by you in the entire game.
 C = Kills by friends in this place as a percentage of kills by friends in the entire game.
 D = Other kills in this place as a percentage of other kills in the entire game.
 E = Experience gained in this place as a percentage of experience gained in the entire game.
 F = Experience gained in this place divided by the number of levels of this place that you have seen.
                   A       B       C       D       E      F
               +-------+-------+-------+-------+-------+----------------------
         Total | 100.0 | 100.0 |   N/A |   N/A | 100.0 |  13.5
       Dungeon | 100.0 | 100.0 |   N/A |   N/A | 100.0 |  13.5
               +-------+-------+-------+-------+-------+----------------------

Vault maps used:
D:1:      ncdulo_wetmaze
D:2:      uniq_crazy_yiuf_cottage, uniq_sigmund
